 Dungeon Crawl Stone Soup version 0.27-a0-695-gb4952372f7 (webtiles) character file.

Game seed: 5043919549485875948

203 Gaff the Slinger (level 6, -1/39 HPs)
             Began as a Halfling Hunter on Mar 22, 2021.
             Was a Follower of Ru.
             Slain by an orc wizard
             ... wielding a +0 dagger
              (4 damage)
             ... on level 3 of the Dungeon.
             The game lasted 00:10:33 (4071 turns).

Gaff the Slinger (Halfling Hunter)                  Turns: 4071, Time: 00:10:34

Health: -1/39      AC:  3    Str: 15    XL:     6   Next: 8%
Magic:  6/6        EV: 14    Int:  9    God:    Ru [*.....]
Gold:   93         SH:  0    Dex: 15    Spells: 5/5 levels left

rFire    + . .     SeeInvis .   b - +0 short sword
rCold    + . .     Faith    .   (shield restricted)
rNeg     . . .     Spirit   .   c - +0 leather armour
rPois    +         Reflect  .   (no helmet)
rElec    +         Harm     .   (no cloak)
rCorr    +         Rampage  .   (no gloves)
Will     .....                  (no boots)
Stlth    +.........             (no amulet)
HPRegen  0.13/turn              (no ring)
MPRegen  0.10/turn              (no ring)

@: confused, resistant, attractive, studying Spellcasting
A: small, no large weapons, mutation resistance 1, hated by all
a: Renounce Religion


You were on level 3 of the Dungeon.
You worshipped Ru.
Ru was aware of your devotion.
You visited 1 branch of the dungeon, and saw 3 of its levels.

You collected 93 gold pieces.

Inventory:

Hand Weapons
 a - a +1 hunting sling
 b - a +0 short sword (weapon)
Missiles
 d - 36 sling bullets
 g - 68 stones (quivered)
 i - 21 poisoned darts
Armour
 c - a +0 leather armour (worn)
Scrolls
 e - 2 scrolls of amnesia {unknown}
 h - a scroll of brand weapon {unknown}
 j - a scroll of enchant weapon {unknown}
 k - a scroll of magic mapping {unknown}
 l - a scroll of identify {unknown}


   Skills:
 - Level 1.7 Fighting
 * Level 8.8 Slings
 - Level 2.1 Dodging
 + Level 3.8 Stealth


You had 5 spell levels left.
You didn't know any spells.
Your spell library contained the following spells:

 Spells                   Type           Power      Damage    Failure   Level
 Magic Dart               Conj           0%         1d3       45%         1
 Blink                    Tloc           N/A        N/A       58%         2
 Slow                     Hex            0%         N/A       58%         2
 Conjure Flame            Conj/Fire      0%         6-21      83%         3
 Mephitic Cloud           Conj/Pois/Air  0%         N/A       83%         3
 Call Imp                 Summ           Unusable   N/A       N/A         2

Dungeon Overview and Level Annotations

Branches:
Dungeon (3/15)

Altars:
Elyvilon
Kikubaaqudgha
Ru
Trog
Xom


Innate Abilities, Weirdness & Mutations

You are small and have problems with some larger weapons.
You are somewhat resistant to further mutation.
You are hated by all.


Message History

You hit something.
You hear some strange, mumbled words.
You are confused.
You bump into the rock wall.
You hear some strange, mumbled words.
A magic dart appears from out of thin air!
The magic dart hits you!
* * * LOW HITPOINT WARNING * * *
You bump into the rock wall.
Something hits you.
* * * LOW HITPOINT WARNING * * *
Found a scroll labelled QANERGH DEARULL.
Something hits you.
* * * LOW HITPOINT WARNING * * *
There is a stone staircase leading up, spattered with blood here.
You hit something.
You feel less confused.
You hear some strange, mumbled words.
You are confused.
You hear some strange, mumbled words.
Something tries to affect you, but you resist.
In your confused state, you trip and fall back down the stairs.
* * * LOW HITPOINT WARNING * * *
Something hits you.
* * * LOW HITPOINT WARNING * * *
Unknown command.
It was a potion of attraction.
You feel attractive to monsters.
You hear some strange, mumbled words.
You are more confused.
It was a potion of resistance.
You feel protected. Something hits you.
* * * LOW HITPOINT WARNING * * *
You bump into the rock wall.
You hear some strange, mumbled words.
A puff of flame appears from out of thin air!
The puff of flame hits you. You resist.
* * * LOW HITPOINT WARNING * * *
You bump into the rock wall.
Something hits you.
You die...

#. .#
#.####.#
#....#?#
..#.#.#
#.#.#.#
#.###.#.#.#
#......)..#
#####.#<###
#$#@# #.#.#
#.#.# #.#.#
#.#.# #.#.#
#.# #.#


There were no monsters in sight!

Vanquished Creatures
  2 vampire bats (D:2)
  A hound (D:2)
  2 adders
  4 dart slugs
  3 worms
  A leopard gecko (D:1)
  3 orcs
  3 bat skeletons (D:2)
  A bat zombie (D:2)
  2 giant cockroaches
  2 goblins (D:1)
  5 hobgoblins
  4 jackals (D:1)
  2 quokkas
  5 bats
  7 frilled lizards
  5 kobolds
  7 rats
59 creatures vanquished.

Vanquished Creatures (others)
  10 plants (D:2)
10 creatures vanquished.

Grand Total: 69 creatures vanquished

Notes
Turn   | Place    | Note
-------+----------+-------------------------------------------
     0 | D:1      | Gaff the Halfling Hunter began the quest for the Orb.
     0 | D:1      | Reached XP level 1. HP: 14/14 MP: 1/1
   198 | D:1      | Reached skill level 6 in Slings
   472 | D:1      | Reached XP level 2. HP: 14/19 MP: 2/2
   952 | D:1      | Reached XP level 3. HP: 16/24 MP: 3/3
  1660 | D:2      | Found a sacrificial altar of Ru.
  1660 | D:2      | Found a shimmering altar of Xom.
  1661 | D:2      | Found a white marble altar of Elyvilon.
  1678 | D:2      | Became a worshipper of Ru the Awakened
  1782 | D:2      | Found a bloodstained altar of Trog.
  1814 | D:2      | Reached skill level 7 in Slings
  1879 | D:2      | Found an ancient bone altar of Kikubaaqudgha.
  2229 | D:3      | Reached XP level 4. HP: 28/29 MP: 4/4
  2773 | D:2      | Reached XP level 5. HP: 30/34 MP: 5/5
  2825 | D:2      | Reached skill level 8 in Slings
  3356 | D:2      | Gained mutation: You are hated by all. [Ru sacrifice]
  3356 | D:2      | Reached * piety under Ru
  3493 | D:2      | Reached XP level 6. HP: 39/39 MP: 6/6
  3713 | D:2      | Found a faded altar of an unknown god.
  4071 | D:3      | Slain by an orc wizard

Illustrated notes

Levels and vault maps discovered:
D:1:      saegor_arrival_simple_a, layout_loops_corners
D:2:      wad_lake_hut, layout_loops_corners, kennysheep_vampire_church,
          overflow_temple_1_default, grunt_temple_overflow_open,
          chequers_ecumenical_altar_lobes, chequers_serial_rivers_small_3
D:3:      layout_loops_ring, ebering_ghost_rock_garden

Skill      XL: |  1  2  3  4  5 |
---------------+----------------+-----
Slings         | 6 7 8 |  8.8
Stealth        | 2 3 |  3.8
Fighting       | |  1.7
Dodging        | |  2.1

Action                   |  1- 3 |  4- 6 || total
-------------------------+-------+-------++-------
Melee: Short sword       |   148 |    48 ||   196
 Fire: Hunting sling     |    11 |    61 ||    72
Invok: Sacrifice Love    |       |     1 ||     1
  Use: Potion            |       |     2 ||     2
 Stab: Sleeping          |     2 |     1 ||     3
       Distracted        |       |     1 ||     1
Armor: Leather armour    |    44 |    14 ||    58
Dodge: Dodged            |   174 |    38 ||   212

Table legend: (Time is in decaauts)
 A = Elapsed time spent in this place.
 B = Non-inter-level travel time spent in this place.
 C = Inter-level travel time spent in this place.
 D = Time resting spent in this place.
 E = Time spent auto-exploring this place.
 F = Levels seen in this place.
 G = Mean time per level.
                   A        B        C        D        E       F      G
               +--------+--------+--------+--------+--------+-----+--------+
         Total |   4129 |   3873 |    256 |   1001 |   1753 |   3 | 1376.3 |
       Dungeon |   4129 |   3873 |    256 |   1001 |   1753 |   3 | 1376.3 |
               +--------+--------+--------+--------+--------+-----+--------+

Top non-repeatable levels by time:
     D:2: 1974 daAuts
     D:1: 1761 daAuts
     D:3: 393 daAuts
